 Dungeon Crawl Stone Soup version 0.23-a0-29-g1be82e5 (webtiles) character file.

15394 OgreMagi the Fighter (level 12, -11/123 HPs)
             Began as an Ogre Fire Elementalist on Aug 3, 2018.
             Was an Elder of Vehumet.
             Mangled by a minotaur
             ... wielding the +10 great sword of the Spheres {flame, Dex+2}
              (58 damage)
             ... in a labyrinth.
             The game lasted 00:43:48 (16371 turns).

OgreMagi the Fighter (Ogre Fire Elementalist)      Turns: 16371, Time: 00:43:49

Health: -11/123    AC:  5    Str: 15    XL:     12   Next: 26%
Magic:  21/24      EV: 11    Int: 20    God:    Vehumet [****..]
Gold:   705        SH:  9    Dex:  9    Spells: 9/28 levels left

rFire    . . .     SeeInvis .   o - +1 dagger (venom)
rCold    . . .     Gourm    .   l - +1 shield
rNeg     . . .     Faith    .   y - +2 robe
rPois    .         Spirit   .   (helmet restricted)
rElec    .         Reflect  .   (no cloak)
rCorr    .         Harm     .   (gloves unavailable)
MR       +....                  (boots unavailable)
Stlth    +++.......             (no amulet)
HPRegen  0.30/turn              q - +2 ring of slaying
MPRegen  0.19/turn              (no ring)

@: swift (expiring), about to teleport, quick
A: large, unfitting armour, tough skin 1
a: Renounce Religion


You were in a labyrinth.
You worshipped Vehumet.
Vehumet was greatly pleased with you.
You were not hungry.

You visited 3 branches of the dungeon, and saw 12 of its levels.
You also visited: Labyrinth.

You collected 705 gold pieces.

Inventory:

Hand Weapons
 o - a +1 dagger of venom (weapon)
 r - a +0 whip of freezing
 u - a +0 giant spiked club
Armour
 l - a +1 shield (worn)
 y - a +2 robe (worn)
 z - a +1 robe of positive energy
Jewellery
 f - an uncursed amulet of harm
 h - an uncursed ring of ice
 q - a +2 ring of slaying (left hand)
Wands
 m - a wand of enslavement (9)
 v - a wand of digging (10)
 x - a wand of acid (9)
 C - a wand of random effects (57)
 E - a wand of flame (13)
Scrolls
 d - 2 scrolls of fog
 e - 3 scrolls of amnesia
 g - 5 scrolls of remove curse
 k - 2 scrolls of teleportation
 A - 2 scrolls of immolation
 D - a scroll of enchant armour
 H - a scroll of holy word {unknown}
Potions
 a - a potion of might {unknown}
 b - a potion of agility
 i - 6 potions of curing
 j - 3 potions of heal wounds
 n - 2 potions of flight
 p - 2 potions of brilliance
 s - 3 potions of lignification
 t - 3 potions of cancellation
 w - 2 potions of degeneration
 B - 3 potions of haste {unknown}
 F - a potion of invisibility {unknown}
Comestibles
 c - 5 rations


   Skills:
 + Level 9.1 Fighting
 - Level 5.4 Maces & Flails
 + Level 7.4 Dodging
 - Level 5.3 Stealth
 + Level 4.8 Shields
 + Level 8.6 Spellcasting
 + Level 7.3 Conjurations
 + Level 7.2 Fire Magic


You had 9 spell levels left.
You knew the following spells:

 Your Spells              Type           Power        Failure   Level  Hunger
a - Flame Tongue          Conj/Fire      #####        1%          1    None
b - Sticky Flame          Conj/Fire      #####...     2%          4    ###....
c - Fireball              Conj/Fire      #####.....   7%          5    #####..
d - Swiftness             Chrm/Air       #.......     30%         2    None
e - Airstrike             Air            #.........   43%         4    ###....
f - Mephitic Cloud        Conj/Pois/Air  ###.....     6%          3    None

Your spell library contained the following spells:

 Spells                   Type           Power        Failure   Level  Hunger
 Conjure Flame            Conj/Fire      #####...     1%          3    None
 Lightning Bolt           Conj/Air       ###.......   28%         5    #####..
 Throw Flame              Conj/Fire      #####.       1%          2    None
 Shock                    Conj/Air       ###.         1%          1    None
 Static Discharge         Conj/Air       ###.....     3%          3    None
 Inner Flame              Hex/Fire       ###.....     3%          3    None


Dungeon Overview and Level Annotations

Branches:
Dungeon (10/15)            Temple (1/1) D:4            Lair (1/6) D:9
    Orc: D:9-12

Altars:
Ashenzari
Cheibriados
Dithmenos
Elyvilon
Fedhas
Gozag
Hepliaklqana
Kikubaaqudgha
Makhleb
Nemelex Xobeh
Okawaru
Qazlal
Ru
Sif Muna
Trog
Uskayaw
Vehumet
Wu Jian
Xom
Yredelemnul
Zin
The Shining One

Annotations:
D:8 3 runed doors, torrenera's ghost, novice DrFE
D:10 3 runed doors, Enish's ghost, novice TrMo
Lair:1 Urug


Innate Abilities, Weirdness & Mutations

You are too large for most types of armour.
You have tough skin. (AC +1)


Message History

Here: a minotaur, wielding a translucent great sword {flame}, wearing a pitted plate armour and wearing an amulet of rage (lightly wounded, berserk, fast, unusually strong, poisoned)
The floor.
Press: ? - help, v - describe, . - travel
Here: a minotaur, wielding a translucent great sword {flame}, wearing a pitted plate armour and wearing an amulet of rage (lightly wounded, berserk, fast, unusually strong, poisoned)
The floor.
Casting: Mephitic Cloud (safe; 6% risk of failure)
Confirm with . or Enter, or press ? or * to list all spells.
You feel quick.
The minotaur hits you with a translucent great sword {flame}!!!
The minotaur burns you!! The minotaur barely misses you.
The minotaur rages.
You block the minotaur's attack. The minotaur gores you!
You hear an odd grinding sound!
The minotaur rages.
You start to feel a little slower.
You hear a bellow!
As you read the scroll of teleportation, it crumbles to dust.
You feel strangely unstable.
The minotaur hits you with a translucent great sword {flame}!!!
You die...

## # ### #
#....... .#
###... .#...#
#.....(.....#
####..###'###.#
. #.÷ ..# ...#
#..###.### ###
...#.#..# ...
.#.###@#..# ≈<≈
........H..#
≈≈≈≈
#.#.#.####.##
### ..# ....
#.. ####.## .
#.# # . # # ..#
# # .. . . ## #


You could see a minotaur (berserk).

Vanquished Creatures
  Josephine (D:10)
  Erica (D:10)
  3 two-headed ogres
  An unseen horror (D:10)
  2 wizards (D:7)
  Pikel (D:4)
  An orc sorcerer (D:7)
  2 trolls (D:9)
  3 hippogriffs
  2 redbacks (Lab)
  Sigmund (D:2)
  5 hungry ghosts
  3 wraiths (D:10)
  9 yaks
  Eustachio (D:5)
  6 basilisks
  Duvessa (D:4)
  4 porcupines (D:9)
  2 water moccasins
  An orc warrior (D:7)
  3 sky beasts
  A slave (D:4)
  A black bear (D:10)
  A phantom (D:9)
  2 ice beasts
  2 eyes of draining (D:3)
  3 ogres
  6 centaurs
  2 crocodiles (D:9)
  5 bullfrogs
  A gnoll sergeant (D:6)
  Dowan (D:4)
  4 scorpions
  3 killer bees
  8 wights
  A howler monkey (D:5)
  5 crimson imps
  A bullfrog zombie (D:9)
  5 hounds
  A jelly (D:7)
  9 orc wizards
  A quasit (D:5)
  2 orc priests
  4 iguanas
  A centaur skeleton (D:9)
  A gnoll shaman (D:6)
  Jessica (D:2)
  9 worker ants
  A hound zombie (D:7)
  2 howler monkey zombies (D:10)
  2 worker ant zombies
  13 gnolls
  10 adders
  3 shadow imps
  3 adder skeletons
  2 worms
  3 dart slugs
  7 leopard geckos
  28 orcs
  2 bats
  5 giant cockroaches
  8 goblins
  5 hobgoblins
  18 jackals
  4 kobolds
  7 quokkas
  2 ball pythons
  3 frilled lizards
  A giant cockroach zombie (D:5)
  2 leopard gecko skeletons
  2 leopard gecko zombies
267 creatures vanquished.

Vanquished Creatures (others)
  A slave (D:4)
  5 fungi (D:9)
  14 plants (D:9)
20 creatures vanquished.

Grand Total: 287 creatures vanquished

Notes
Turn   | Place    | Note
-------+----------+-------------------------------------------
     0 | D:1      | OgreMagi the Ogre Fire Elementalist began the quest for the Orb.
     0 | D:1      | Reached XP level 1. HP: 16/16 MP: 3/3
   115 | D:1      | Reached skill level 1 in Conjurations
   219 | D:1      | Reached XP level 2. HP: 25/26 MP: 2/5
   850 | D:2      | Reached skill level 1 in Fighting
   850 | D:2      | Reached XP level 3. HP: 24/33 MP: 1/7
  1123 | D:2      | Noticed Sigmund
  1410 | D:3      | Noticed an eye of draining
  1425 | D:3      | Noticed an eye of draining
  1427 | D:3      | Found a bloodstained altar of Trog.
  1447 | D:3      | Killed an eye of draining
  1447 | D:3      | Reached skill level 2 in Fighting
  1447 | D:3      | Reached skill level 1 in Maces & Flails
  1447 | D:3      | Reached XP level 4. HP: 42/42 MP: 0/8
  1447 | D:3      | Reached XP level 5. HP: 49/49 MP: 0/9
  1471 | D:3      | Killed an eye of draining
  1480 | D:3      | Found a blossoming altar of Fedhas.
  1712 | D:3      | Reached XP level 6. HP: 59/59 MP: 6/11
  1930 | D:4      | Found a snail-covered altar of Cheibriados.
  2090 | D:4      | Found a staircase to the Ecumenical Temple.
  2113 | Temple   | Entered the Ecumenical Temple
  2200 | Temple   | Became a worshipper of Vehumet
  2312 | D:4      | Noticed a slave
  2313 | D:4      | Noticed a slave
  2313 | D:4      | Noticed Pikel
  2362 | D:4      | Killed a slave
  3037 | D:4      | Reached skill level 3 in Fighting
  3052 | D:4      | Learned a level 4 spell: Sticky Flame
  3058 | D:4      | Learned a level 5 spell: Fireball
  3272 | D:4      | Reached XP level 7. HP: 58/67 MP: 12/12
  3595 | D:4      | Killed Pikel
  3595 | D:4      | Reached skill level 4 in Fighting
  3595 | D:4      | Reached XP level 8. HP: 61/78 MP: 12/14
  3621 | D:5      | Entered Level 5 of the Dungeon
  3621 | D:5      | Noticed Duvessa
  3621 | D:5      | Noticed Dowan
  4181 | D:5      | Lost dexterity.
  4216 | D:5      | Reached * piety under Vehumet
  4216 | D:5      | Offered knowledge of Freeze by Vehumet.
  4772 | D:5      | Reached skill level 5 in Spellcasting
  5031 | D:5      | Noticed Eustachio
  5065 | D:5      | Killed Eustachio
  5065 | D:5      | Reached skill level 5 in Fighting
  5319 | D:5      | Reached XP level 9. HP: 79/88 MP: 16/16
  5774 | D:6      | HP: 4/88 [bullfrog (9)]
  6835 | D:7      | Found a hazy altar of Hepliaklqana.
  6871 | D:7      | Found a glowing silver altar of Zin.
  6957 | D:7      | Reached skill level 5 in Fire Magic
  6976 | D:7      | Noticed a wizard
  7591 | D:7      | Noticed an orc sorcerer
  7776 | D:7      | Killed an orc sorcerer
  7786 | D:7      | Noticed a wizard
  7803 | D:7      | Killed a wizard
  7803 | D:7      | Reached skill level 5 in Dodging
  7803 | D:7      | Reached skill level 5 in Conjurations
  8025 | D:7      | Killed a wizard
  8025 | D:7      | Reached skill level 5 in Maces & Flails
  8025 | D:7      | Reached skill level 5 in Stealth
  8025 | D:7      | Reached XP level 10. HP: 89/96 MP: 13/19
  8271 | D:6      | Reached ** piety under Vehumet
  8273 | D:6      | Offered knowledge of Magic Dart by Vehumet.
  8571 | D:7      | HP: 2/96 [gnoll (9)]
  8906 | D:7      | Learned a level 2 spell: Swiftness
  8911 | D:7      | Learned a level 4 spell: Airstrike
  9214 | D:7      | Reached skill level 1 in Shields
  9603 | D:4      | Killed Dowan
  9614 | D:4      | Killed Duvessa
  9664 | D:2      | Noticed Jessica
  9681 | D:2      | Killed Jessica
  9779 | D:2      | Killed Sigmund
 10203 | D:7      | Offered knowledge of Stone Arrow by Vehumet.
 10311 | D:7      | Reached skill level 6 in Fighting
 10570 | D:8      | Reached *** piety under Vehumet
 10586 | D:8      | Noticed a two-headed ogre
 10860 | D:8      | Killed a two-headed ogre
 11070 | D:8      | Offered knowledge of Mephitic Cloud by Vehumet.
 11075 | D:8      | Learned a level 3 spell: Mephitic Cloud
 11480 | D:8      | Found a runed gate.
 11481 | D:8      | Noticed torrenera's ghost (novice DrFE)
 11481 | D:8      | Noticed a kobold demonologist
 11482 | D:8      | Found a runed gate.
 11482 | D:8      | Found a runed gate.
 11881 | D:9      | Found a shimmering altar of Xom.
 11889 | D:9      | Found a shimmering altar of Xom.
 12024 | D:9      | Reached XP level 11. HP: 63/107 MP: 17/21
 12251 | D:9      | Reached skill level 7 in Fighting
 12481 | D:9      | Reached **** piety under Vehumet
 12561 | D:9      | Found a staircase to the Lair.
 13047 | D:9      | Offered knowledge of Throw Icicle by Vehumet.
 13085 | D:9      | Found a shimmering altar of Xom.
 13103 | D:9      | Found a shimmering altar of Xom.
 13103 | D:9      | Found a shimmering altar of Xom.
 13103 | D:9      | Found a shimmering altar of Xom.
 13103 | D:9      | Found a shimmering altar of Xom.
 13103 | D:9      | Found a shimmering altar of Xom.
 13168 | D:10     | Entered Level 10 of the Dungeon
 13168 | D:10     | Noticed a two-headed ogre
 13625 | D:10     | Noticed a two-headed ogre
 13824 | D:9      | Killed a two-headed ogre
 13968 | D:10     | Found a runed gate.
 13968 | D:10     | Found a runed gate.
 13968 | D:10     | Found a runed gate.
 13980 | D:10     | Noticed an unseen horror
 13986 | D:10     | Killed an unseen horror
 13986 | D:10     | Reached skill level 8 in Fighting
 14417 | D:10     | Noticed Josephine
 14646 | D:10     | Noticed Erica
 14783 | D:10     | Killed a two-headed ogre
 14819 | D:10     | Found a shadowy altar of Dithmenos.
 14874 | D:10     | Killed Josephine
 14883 | D:10     | Reached XP level 12. HP: 45/122 MP: 12/24
 15218 | D:10     | Killed Erica
 15516 | D:10     | Noticed Enish's ghost (novice TrMo)
 15600 | Lair:1   | Entered Level 1 of the Lair of Beasts
 15680 | Lair:1   | Noticed Urug
 15789 | Lair:1   | Found a labyrinth entrance.
 15820 | Lab      | Entered a labyrinth
 16004 | Lab      | Reached skill level 9 in Fighting
 16349 | Lab      | Noticed a minotaur
 16371 | Lab      | Identified the +10 great sword of the Spheres {flame, Dex+2}
 16371 | Lab      | Mangled by a minotaur

Vault maps used:
D:1:      minmay_arrival_stair_chambers
D:2:      first_ration, uniq_sigmund, uniq_jessica
D:3:      fedhas_altar_2, trog_eyes_of_draining
D:4:      nicolae_overflow_hidden_temple, minmay_temple_entry_hall, uniq_pikel
D:5:      hangedman_decor_points, uniq_eustachio, uniq_duvessa
D:6:      cheibrodos_helix_gallery
D:7:      cheibrodos_wizards_tower, old_standard_altar,
          nicolae_overflow_crystal_walls
D:8:      gammafunk_ghost_nasty_kobolds
D:9:      xom_shifter_show, minmay_lair_entry_grove
D:10:     gammafunk_ghost_necromancy, nicolae_dithmenos_shadow_blocks,
          uniq_josephine, uniq_erica
Temple:   minmay_crystal_spiral_temple
Lair:1:   lab_entry_generic, patterned_corridor, uniq_urug
Lab:      labyrinth_watery, nicolae_lab_quarters, nicolae_lab_lava,
          nicolae_lab_starburst, labyrinth_glass_2, nicolae_lab_stuck,
          lab_hedge, nicolae_lab_swirl, nicolae_lab_checkerboard,
          nicolae_lab_arrow

Skill      XL: |  1  2  3  4  5  6  7  8  9 10 11 12 |
---------------+-------------------------------------+-----
Conjurations   | 1 2 3 5 6 7 |  7.3
Dodging        | 2 3 4 5 6 7 |  7.4
Fighting       | 1 2 3 4 5 6 8 9 |  9.1
Maces & Flails | 1 2 3 5 |  5.4
Stealth        | 2 3 5 |  5.3
Spellcasting   | 3 4 5 6 7 8 |  8.6
Fire Magic     | 3 4 5 7 |  7.2
Shields        | 2 4 |  4.8

Action                   |  1- 3 |  4- 6 |  7- 9 | 10-12 || total
-------------------------+-------+-------+-------+-------++-------
Melee: Unarmed           |     8 |       |       |       ||     8
       Whip              |    25 |    25 |    43 |       ||    93
       Dagger            |       |    69 |   237 |   365 ||   671
 Cast: Flame Tongue      |    54 |    43 |    63 |   153 ||   313
       Sticky Flame      |       |       |     6 |    91 ||    97
       Fireball          |       |       |       |     7 ||     7
       Airstrike         |       |       |       |     2 ||     2
       Mephitic Cloud    |       |       |       |     1 ||     1
       Swiftness         |       |       |       |     1 ||     1
Evoke: Wand              |       |       |       |     2 ||     2
  Use: Scroll            |     1 |     6 |     7 |    10 ||    24
       Potion            |       |       |     2 |     1 ||     3
 Stab: Sleeping          |       |       |     1 |    11 ||    12
       Distracted        |       |       |       |     1 ||     1
  Eat: Chunk             |     3 |     6 |    15 |    35 ||    59
       Ration            |       |       |     1 |     3 ||     4
Armor: Robe              |    16 |    16 |   130 |    88 ||   250
       Skin              |       |       |     8 |       ||     8
Dodge: Dodged            |    33 |    37 |   127 |   284 ||   481
Block: Shield            |       |       |       |    87 ||    87

Table legend:
 A = Spawn XP
 B = Non-spawn XP
 C = Spawn XP percentage of total XP
 D = Spawn monster count
 E = Non-spawn monster count
 F = Spawn count percentage of total count
 G = Total turns spent on level
                    A         B        C        D         E        F      G
               +---------+---------+-------+---------+---------+-------+---------
         Total |       0 |   21992 |   0.0 |       0 |     266 |   0.0 | 16371
               +---------+---------+-------+---------+---------+-------+---------
           D:1 |       0 |      29 |   0.0 |       0 |      13 |   0.0 |   846
           D:2 |       0 |     364 |   0.0 |       0 |      18 |   0.0 |   764
           D:3 |       0 |     271 |   0.0 |       0 |      17 |   0.0 |  1281
           D:4 |       0 |    1232 |   0.0 |       0 |      24 |   0.0 |  1128
           D:5 |       0 |    1171 |   0.0 |       0 |      27 |   0.0 |  2759
           D:6 |       0 |     792 |   0.0 |       0 |      21 |   0.0 |  2186
           D:7 |       0 |    3253 |   0.0 |       0 |      39 |   0.0 |  1510
           D:8 |       0 |    1470 |   0.0 |       0 |      32 |   0.0 |  1056
           D:9 |       0 |    4447 |   0.0 |       0 |      32 |   0.0 |  1997
          D:10 |       0 |    6677 |   0.0 |       0 |      31 |   0.0 |  1898
        Lair:1 |       0 |     340 |   0.0 |       0 |       2 |   0.0 |   220
           Lab |       0 |    1946 |   0.0 |       0 |      10 |   0.0 |   551
               +---------+---------+-------+---------+---------+-------+---------
